 Dungeon Crawl Stone Soup version 0.22.1-1-ga44c0e56f4 (webtiles) character file.

15 OdinFK the Stinger (level 2, 0/19 HPs)
             Began as a Formicid Venom Mage on Oct 7, 2018.
             Slain by a ball python (1 damage)
             ... on level 1 of the Dungeon.
             The game lasted 00:03:28 (302 turns).

OdinFK the Stinger (Formicid Venom Mage)             Turns: 302, Time: 00:03:29

Health: 0/19       AC:  2    Str: 12    XL:     2   Next: 65%
Magic:  0/5        EV: 12    Int: 14    God:
Gold:   17         SH:  0    Dex: 11    Spells: 2/5 levels left

rFire    x . .     SeeInvis +   b - +0 whip
rCold    + . .     Gourm    .   (no shield)
rNeg     . . .     Faith    .   a - +0 robe
rPois    .         Spirit   .   (helmet unavailable)
rElec    .         Reflect  .   (no cloak)
rCorr    .         Harm     .   (no gloves)
MR       .....                  (no boots)
Stlth    ++........             (no amulet)
HPRegen  0.06/turn              h - ring of ice
MPRegen  0.09/turn              (no ring)

@: no status effects
A: permanent stasis, dig shafts and tunnels, four strong arms, antennae 3
a: Dig, Shaft Self


You were on level 1 of the Dungeon.
You were not hungry.

You visited 1 branch of the dungeon, and saw 1 of its levels.

You collected 17 gold pieces.

Inventory:

Hand Weapons
 b - a +0 whip (weapon)
Armour
 a - a +0 robe (worn)
Jewellery
 h - a ring of ice (left hand)
Scrolls
 g - a scroll of teleportation {unknown}
Potions
 d - a potion of curing {unknown}
 e - a potion of ambrosia {unknown}
 f - a potion of agility {unknown}
Comestibles
 c - 2 rations


   Skills:
 + Level 1.7 Dodging
 + Level 2.6 Stealth
 + Level 2.4 Spellcasting
 + Level 0.8 Conjurations
 + Level 4.7 Poison Magic


You had 2 spell levels left.
You knew the following spells:

 Your Spells              Type           Power        Failure   Level  Hunger
a - Sting                 Conj/Pois      #...         8%          1    #......
b - Poisonous Vapours     Pois/Air       #.....       13%         2    ###....

Your spell library contained the following spells:

 Spells                   Type           Power        Failure   Level  Hunger
 Mephitic Cloud           Conj/Pois/Air  #.......     32%         3    ###....
 Olgreb's Toxic Radiance  Pois           ##......     32%         4    #####..
 Venom Bolt               Conj/Pois      #.........   90%         5    ######.


Dungeon Overview and Level Annotations

Branches:
Dungeon (1/15)

Altars:


Innate Abilities, Weirdness & Mutations

You cannot be hasted, slowed, berserked, paralysed or teleported.
You can dig through walls and to a lower floor.
Your four strong arms can wield two-handed weapons with a shield.
You have a pair of large antennae on your head. (SInv)


Message History

Aiming: Sting (safe; 8% risk of failure)
Press: ? - help, Shift-Dir - straight line, f/p - jackal
Aim: a jackal (almost dead)
The sting hits the jackal.
You kill the jackal!
The ball python closely misses you. The ball python grabs you.
* * * LOW HITPOINT WARNING * * *
The ball python constricts you.
You escape the ball python's grasp.
Casting: Sting (safe; 8% risk of failure)
Confirm with . or Enter, or press ? or * to list all spells.
Aiming: Sting (safe; 8% risk of failure)
Press: ? - help, Shift-Dir - straight line, f - ball python
Aim: a ball python (moderately wounded)
The sting hits the ball python.
The ball python is poisoned.
The ball python is severely wounded.
The ball python bites you.
* * * LOW HITPOINT WARNING * * *
The ball python closely misses you. The ball python bites you.
You die...

#≈♣. #≈≈. ###### #≈♣. #....# #≈..
##...÷# ###♣.. ####.....#
###########.'..♣ ##..†.....#
#.........†.#≈.≈
###..###.(..######.......###.#P.≈
........(..##...@Sl......# #.##l#
.........#....####.......# #....#
##.........#### ####.#### ######
..............# #.#
.......#..........{ #.#
.#########..##........# .#
#............# .# ....########.#
## ..#..# #.#


You could see a ball python and a frilled lizard.

Vanquished Creatures
  A leopard gecko (D:1)
  A ball python (D:1)
  2 bats (D:1)
  A goblin (D:1)
  A hobgoblin (D:1)
  4 jackals (D:1)
  A kobold (D:1)
  A rat (D:1)
12 creatures vanquished.

Notes
Turn   | Place    | Note
-------+----------+-------------------------------------------
     0 | D:1      | OdinFK the Formicid Venom Mage began the quest for the Orb.
     0 | D:1      | Reached XP level 1. HP: 13/13 MP: 3/3
    86 | D:1      | Reached XP level 2. HP: 18/19 MP: 1/5
    90 | D:1      | Learned a level 2 spell: Poisonous Vapours
   302 | D:1      | Slain by a ball python

Action                   || total
-------------------------++-------
Melee: Whip              ||    10
 Cast: Sting             ||    12
       Poisonous Vapours ||     4
Armor: Robe              ||    11
Dodge: Dodged            ||    33
